 Dungeon Crawl Stone Soup version 0.30.1-4-g462c640d31 (webtiles) character file.

Game seed: 3877360849844457372

1500 Wiggles the Cleaver (level 8, -5/64 HPs)
             Began as a Minotaur Berserker on Aug 16, 2023.
             Was a Priest of Trog.
             Slain by a water moccasin zombie (6 damage)
             ... on level 5 of the Dungeon.
             The game lasted 00:08:01 (3741 turns).

Wiggles the Cleaver (Minotaur Berserker)            Turns: 3741, Time: 00:08:01

Health: -5/64      AC: 11    Str: 23    XL:     8   Next: 52%
Magic:  7/7        EV:  9    Int:  4    God:    Trog [***...]
Gold:   62         SH:  0    Dex: 11    Spells: 7/7 levels left

rFire   + . .        u - +0 war axe
rCold   . . .        (no shield)
rNeg    . . .        m - +0 chain mail
rPois   .            x - +2 hat
rElec   .            h - +0 cloak
rCorr   .            (no gloves)
SInv    .            (no boots)
Will    .....        (no amulet) Stlth
                     e - ring of flight
HPRegen 0.30/turn    r - ring of protection from fire
MPRegen 0.10/turn

%: no passive effects
@: on berserk cooldown, flying, slowed, very slow
A: horns 2, retaliatory headbutt
a: Renounce Religion, Berserk, Trog's Hand


You were on level 5 of the Dungeon.
You worshipped Trog.
Trog was most pleased with you.
You visited 1 branch of the dungeon, and saw 5 of its levels.

You collected 167 gold pieces.
You spent 105 gold pieces at shops.

Inventory:

Hand Weapons
 u - a +0 war axe (weapon)
Armour
 h - a +0 cloak (worn)
 m - a +0 chain mail (worn)
 x - a +2 hat (worn)
Jewellery
 e - a ring of flight (left hand)
 r - a ring of protection from fire (right hand)
Wands
 p - a wand of quicksilver (5)
 t - a wand of flame (26)
Scrolls
 b - a scroll of butterflies {unknown}
 c - a scroll of magic mapping {unknown}
 i - a scroll of brand weapon {unknown}
 k - a scroll of silence {unknown}
 l - a scroll of enchant weapon {unknown}
 n - 3 scrolls of immolation {unknown}
 o - 2 scrolls of teleportation {unknown}
 q - 2 scrolls of identify
 s - 2 scrolls of enchant armour
 w - a scroll of noise {unknown}
Potions
 a - a potion of attraction {unknown}
 d - 2 potions of curing
 f - a potion of might {unknown}
 g - a potion of degeneration {unknown}
 j - 2 potions of brilliance
 v - a potion of berserk rage {unknown}


   Skills:
 - Level 3.6 Fighting
 + Level 12.9 Axes
 - Level 2.4 Armour
 - Level 2.1 Dodging
 + Level 1.4 Stealth


You had 7 spell levels left.
You didn't know any spells.
Your spell library was empty.

Dungeon Overview and Level Annotations

Branches:
Dungeon (5/15)             Temple (0/1) D:5

Altars:
Nemelex Xobeh
Vehumet

Shops:
D:4 :?*

Portals:
Abyss: D:3

Annotations:
D:5 Eustachio


Innate Abilities, Weirdness & Mutations

You have a pair of horns on your head.
You reflexively headbutt those who attack you in melee.


Message History

The phantom hits you but does no damage.
The gnoll hits you but does no damage.
You closely miss the phantom. Your headbutt misses the phantom.
The phantom is severely damaged.
You closely miss the water moccasin zombie.
The water moccasin zombie bites you.
* * * LOW HITPOINT WARNING * * *
You slice the phantom!!
You destroy the phantom!
Trog accepts your kill.
You hit the water moccasin zombie.
The gnoll hits you from afar with a +0 halberd.
* * * LOW HITPOINT WARNING * * *
The water moccasin zombie bites you but does no damage.
The gnoll hits you with a +0 halberd.
* * * LOW HITPOINT WARNING * * *
You feel a strong urge to attack something.
You are no longer berserk.
You are exhausted.
You feel yourself slow down. The water moccasin zombie bites you.
* * * LOW HITPOINT WARNING * * *
You closely miss the gnoll. You headbutt the gnoll.
The gnoll is heavily wounded.
You closely miss the gnoll. You hit the water moccasin zombie.
The gnoll hits you but does no damage.
The water moccasin zombie bites you but does no damage.
The gnoll closely misses you. x2; You furiously retaliate!
You headbutt the gnoll.
The water moccasin zombie bites you but does no damage.
The gnoll hits you but does no damage.
It was a potion of curing.
You feel better. The water moccasin zombie bites you.
* * * LOW HITPOINT WARNING * * *
The gnoll hits you but does no damage. The gnoll hits you with a +0 halberd!
* * * LOW HITPOINT WARNING * * *
As you read the scroll labelled RAORIH MISCH, it crumbles to dust.
It is a scroll of identify.
j - 2 potions of brilliance The water moccasin zombie bites you.
You die...

..###...#†#.#...##....
.......#.#.#.#..##.####
#####...#.>.#..........
##.....#.#.#.#...#.#
#..###..#.#.#..#.#.. #.
#.###....#.#..$#.# ...
#.# #..........#.###.>..
..# #....#####..g.......
### #..### #..@..@....
#####.########.Z.g......
.........$.))...........
#####.#######...........
#..# #.....#..... ...##
..###....... ...# ####
##..... .... ..... ....
.#


You could see Eustachio, 2 gnolls and a water moccasin zombie.

Vanquished Creatures
  Sigmund (D:2)
  4 phantoms (D:5)
  A kobold brigand (D:3)
  A wyvern zombie (D:5)
  2 scorpions (D:4)
  A crimson imp (D:3)
  2 small abominations (D:3)
  2 hounds
  2 jellies (D:5)
  An orc priest (D:3)
  An iguana (D:5)
  Terence (D:3)
  A sleepcap (D:3)
  Natasha (thrice) (D:2)
  2 scorpion zombies (D:5)
  The ghost of Gatsu the Insei, a weakling DgTm (D:3)
  A hound zombie (D:5)
  Robin (D:3)
  3 adders
  13 gnolls
  A white imp (D:5)
  An adder zombie (D:5)
  3 worms
  4 dart slugs
  8 orcs
  6 bats
  9 endoplasms
  3 giant cockroaches
  18 goblins
  6 hobgoblins
  5 jackals
  3 kobolds
  8 quokkas
  7 ball pythons
  A frilled lizard (D:1)
  3 rats (D:1)
130 creatures vanquished.

Vanquished Creatures (others)
  A goblin (D:3)
1 creature vanquished.

Grand Total: 131 creatures vanquished

Notes
Turn   | Place    | Note
-------+----------+-------------------------------------------
     0 | D:1      | Wiggles the Minotaur Berserker began the quest for the Orb.
     0 | D:1      | Reached XP level 1. HP: 19/19 MP: 0/0
    10 | D:1      | Reached skill level 4 in Axes
    11 | D:1      | Reached XP level 2. HP: 21/26 MP: 1/1
   184 | D:1      | Reached skill level 5 in Axes
   190 | D:1      | Reached XP level 3. HP: 24/31 MP: 2/2
   287 | D:1      | Reached ** piety under Trog
   748 | D:2      | Reached skill level 6 in Axes
   748 | D:2      | Reached XP level 4. HP: 38/39 MP: 3/3
   967 | D:2      | Noticed Sigmund
   968 | D:2      | Noticed Natasha
   981 | D:2      | Killed Natasha
   986 | D:2      | Killed Sigmund
   987 | D:2      | Reached skill level 8 in Axes
   987 | D:2      | Reached XP level 5. HP: 11/45 MP: 4/4
  1276 | D:2      | Reached XP level 6. HP: 51/51 MP: 5/5
  1373 | D:2      | Noticed Natasha
  1385 | D:2      | Killed Natasha
  1443 | D:2      | Noticed Natasha
  1452 | D:2      | Killed Natasha
  1469 | D:3      | Noticed Terence
  1473 | D:3      | Killed Terence
  1629 | D:3      | Found a one-way gate to the infinite horrors of the Abyss.
  1629 | D:3      | Noticed Gatsu's ghost (weakling DgTm)
  1647 | D:3      | Found the +8 demon trident "Rift" {distort, reach+}
  1714 | D:3      | Found a transporter.
  1724 | D:3      | Found a transporter.
  1868 | D:3      | Reached skill level 9 in Axes
  1876 | D:3      | Killed Gatsu's ghost
  1922 | D:3      | Reached XP level 7. HP: 33/57 MP: 6/6
  2147 | D:3      | Reached skill level 10 in Axes
  2167 | D:3      | Noticed Robin
  2180 | D:3      | Killed Robin
  2184 | D:3      | Reached *** piety under Trog
  2371 | D:3      | Identified the +6 short sword "Hipuj Xaefit" {heavy, rElec}
  2813 | D:4      | Reached skill level 1 in Stealth
  2957 | D:4      | Found Agridwet's Magic Scroll Shop.
  2965 | D:4      | Bought a scroll of enchant armour for 105 gold pieces
  2969 | D:4      | Found a radiant altar of Vehumet.
  2996 | D:4      | Found Luujupo's Book Shoppe.
  3159 | D:4      | Found a sparkling altar of Nemelex Xobeh.
  3192 | D:4      | Found Wagasigy's General Store.
  3263 | D:4      | Reached skill level 11 in Axes
  3440 | D:5      | Entered Level 5 of the Dungeon
  3551 | D:5      | Reached XP level 8. HP: 64/64 MP: 7/7
  3557 | D:5      | Found a staircase to the Ecumenical Temple.
  3664 | D:5      | Reached skill level 12 in Axes
  3700 | D:5      | Noticed Eustachio
  3740 | D:5      | HP: 1/64 [gnoll/+0 halberd (11)]
  3741 | D:5      | Slain by a water moccasin zombie

Illustrated notes

Levels and vault maps discovered:
D:1:      dpeg_arrival_orchard, layout_rooms, glass_columns_b,
          minmay_misc_feat_nine_boxes
D:2:      layout_loops_ring, minmay_misc_feat_alley, minmay_misc_feat_square,
          uniq_sigmund, uniq_natasha
D:3:      layout_basic, gammafunk_ghost_abyssal_escape, uniq_robin, uniq_terence
D:4:      layout_loops_ring, vehumet_altar_wand_db, nemelex_spade_bored_becter,
          serial_shops, nicolae_shop_trees, shop, nicolae_shop_crystal,
          minmay_misc_feat_rugged, chequers_serial_rivers_small_3
D:5:      layout_rooms, minmay_temple_entry_grid, serial_undead,
          serial_undead_c, serial_undead_d, serial_undead_a, serial_undead_f,
          uniq_eustachio

Skill      XL: |  1  2  3  4  5  6  7  8 |
---------------+-------------------------+-----
Axes           | 4 5 6 8 9 11 12 | 12.9
Stealth        | 1 |  1.4
Fighting       | |  3.6
Armour         | |  2.4
Dodging        | |  2.1

Action                     |  1- 3 |  4- 6 |  7- 9 || total
---------------------------+-------+-------+-------++-------
  Melee: Hand axe          |    71 |   100 |    69 ||   240
         Headbutt          |    11 |    12 |    23 ||    46
         Punch             |       |     1 |     3 ||     4
         War axe           |       |       |    90 ||    90
 Invoke: Berserk           |     1 |     2 |     2 ||     5
    Use: Scroll            |       |       |     1 ||     1
         Potion            |       |       |     1 ||     1
   Stab: Sleeping          |       |       |     1 ||     1
 Armour: Animal skin       |     8 |       |       ||     8
         Ring mail         |    10 |     9 |       ||    19
         Chain mail        |       |    27 |    88 ||   115
  Dodge: Dodged            |    43 |    41 |    77 ||   161
